Map: Jagannatha LE

Players

Vanya

  • Race: Zerg Zerg

Gerald - Winner!

  • Race: Protoss Protoss

Event: DreamHack SC2 Masters 2021 Winter

VOD

Have the link to the VOD?

Description

Time

  • Played on: Oct. 6, 2021, 1:09 p.m.
  • Length: 10:57

All games in this series

Show
View Real Time Build Order
Export as new Build Order

Vanya Zerg 

Build Orders: Hatch First 

Get SALT Encoding   

  12  0:00  Drone  
  13  0:12  Overlord  
  13  0:16  Drone  
  14  0:30  Drone x2  
  16  0:48  Hatchery  
  15  0:51  Drone  
  15  0:55  Drone  
  17  0:59  Drone  
  18  1:12  Extractor  
  18  1:14  Spawning Pool  
  16  1:19  Drone  
  16  1:21  Drone  
  18  1:28  Drone  
  19  1:38  Drone  
  20  1:50  Overlord  
  20  2:00  Queen x2  
  24  2:01  Zergling x2  
  24  2:03  Zergling x2  
  26  2:10  Drone  
  26  2:12  Drone  
  26  2:14  Metabolic Boost  
  28  2:22  Drone  
  29  2:23  Drone  
  30  2:37  Hatchery  
  30  2:40  Zergling x2  
  30  2:47  Queen  
  31  2:52  Overlord  
  31  2:54  Drone  
  32  3:00  Zergling x4  
  32  3:03  Zergling x2  
  35  3:07  Drone  
  35  3:11  Drone x3  
  35  3:12  Drone  
  40  3:18  Queen  
  42  3:26  Overlord  
  41  3:27  Drone  
  41  3:28  Drone  
  41  3:32  Drone  
  44  3:37  Overlord  
  44  3:44  Drone x5  
  49  3:49  Overlord  
  49  3:51  Drone  
  49  3:56  Drone  
  49  3:57  Drone, Spore Crawler  
  49  3:58  Drone  
  49  4:01  Drone  
  50  4:05  Drone x2  
  50  4:08  Drone  
  53  4:14  Queen  
  54  4:17  Drone x3  
  57  4:26  Queen  
  57  4:28  Spore Crawler  
  57  4:29  Lair  
  57  4:31  Drone  
  59  4:32  Roach Warren  
  59  4:35  Extractor x2  
  59  4:37  Drone  
  59  4:38  Drone x3  
  60  4:42  Drone x4  
  63  4:46  Overlord  
  63  4:47  Drone  
  63  4:48  Drone  
  64  4:54  Overlord  
  64  4:57  Zergling x4  
  66  5:00  Evolution Chamber  
  64  5:08  Drone x8  
  70  5:15  Drone x4  
  71  5:26  Drone x5  
  74  5:35  Spire  
  74  5:36  Extractor  
  74  5:37  Drone  
  74  5:38  Drone, Extractor  
  74  5:41  Glial Reconstitution  
  73  5:45  Roach x3  
  79  5:53  Roach  
  79  5:54  Overlord x2  
  81  5:59  Zergling x2  
  81  6:00  Overlord  
  82  6:09  Overlord  
  82  6:14  Extractor  
  82  6:16  Zergling x12, Roach x3  
  86  6:28  Zergling x12  
  84  6:35  Zergling x2  
  84  6:36  Zergling x10  
  86  6:40  Drone  
  75  6:47  Drone x2  
  75  6:50  Drone  
  75  6:53  Drone  
  72  6:58  Drone  
  72  7:00  Drone  
  72  7:01  Drone  
  72  7:02  Drone x2  
  72  7:04  Drone  
  77  7:08  Drone  
  77  7:14  Drone  
  78  7:17  Drone  
  78  7:21  Overlord  
  77  7:24  Drone  
  77  7:28  Drone x3  
  81  7:33  Drone x4  
  81  7:36  Drone  
  86  7:37  Hatchery  
  86  7:42  Drone x4  
  84  7:51  Drone x4  
  85  7:59  Drone  
  85  8:00  Drone x4  
  90  8:07  Drone  
  91  8:17  Zerg Flyer Weapons Level 1  
  91  8:18  Overlord  
  91  8:21  Corruptor x4  
  91  8:26  Overlord  
  100  8:30  Corruptor x3  
  105  8:38  Drone x6  
  108  8:44  Corruptor  
  102  8:57  Drone x8  
  106  9:05  Drone x4  
  107  9:21  Corruptor x2  
  111  9:25  Hatchery  
  111  9:26  Corruptor  
  111  9:29  Drone x2  
  108  9:33  Drone x3  
  107  9:41  Drone x4, Infestation Pit  
  110  9:48  Corruptor  
  110  9:50  Overlord  
  112  9:58  Drone  
  113  10:00  Ravager x6, Evolution Chamber  
  113  10:03  Evolution Chamber  
  113  10:05  Drone x6  
  123  10:07  Drone  
  123  10:10  Overlord  
  123  10:13  Overlord  
  122  10:14  Drone  
  122  10:15  Drone  
  122  10:19  Corruptor  
  124  10:32  Drone x2  
  124  10:33  Drone  
  124  10:34  Drone  
  124  10:35  Drone  
  129  10:42  Spore Crawler  
Show
View Real Time Build Order
Export as new Build Order

Gerald Protoss - Winner!

Build Orders: 1 Gate Expand, Oracle Opening 

Get SALT Encoding   

  12  0:01  Probe  
  14  0:14  Probe  
  14  0:20  Pylon  
  14  0:26  Probe (Chrono Boost)  
  15  0:39  Probe (Chrono Boost)  
  15  0:40  Gateway  
  16  0:48  Probe (Chrono Boost)  
  17  0:50  Assimilator  
  17  0:53  Probe  
  18  1:05  Probe  
  19  1:17  Probe  
  20  1:27  Nexus  
  20  1:38  Cybernetics Core  
  20  1:42  Probe  
  20  1:46  Assimilator  
  20  1:54  Probe  
  20  1:57  Pylon  
  21  2:06  Probe  
  22  2:12  Adept (Chrono Boost)  
  24  2:18  Probe  
  24  2:20  Stargate  
  25  2:30  Probe, Warp Gate  
  25  2:33  Adept (Chrono Boost)  
  28  2:42  Probe  
  28  2:43  Probe  
  30  2:54  Probe  
  30  2:55  Probe  
  30  2:56  Adept  
  30  2:58  Void Ray (Chrono Boost)  
  34  3:07  Probe  
  34  3:08  Probe  
  40  3:14  Pylon  
  40  3:25  Probe  
  41  3:29  Probe  
  41  3:30  Gateway  
  41  3:31  Oracle (Chrono Boost)  
  42  3:37  Probe  
  46  3:41  Probe  
  47  3:49  Probe  
  48  3:58  Probe  
  48  4:02  Probe  
  46  4:10  Probe  
  46  4:14  Probe  
  46  4:15  Twilight Council  
  47  4:19  Nexus  
  47  4:21  Pylon  
  47  4:22  Probe  
  48  4:25  Gateway  
  48  4:27  Gateway  
  48  4:33  Adept x2  
  52  4:43  Probe x2  
  54  4:48  Assimilator  
  54  4:50  Assimilator  
  54  4:51  Resonating Glaives (Chrono Boost), Pylon  
  54  4:55  Probe  
  54  4:57  Pylon  
  55  5:07  Probe  
  55  5:10  Probe  
  55  5:13  Adept  
  55  5:14  Adept  
  61  5:19  Probe  
  58  5:30  Stargate  
  58  5:31  Probe, Stargate  
  58  5:32  Adept, Probe  
  62  5:36  Shield Battery  
  62  5:40  Probe (Chrono Boost)  
  62  5:41  Adept x3  
  69  5:44  Probe (Chrono Boost)  
  69  5:47  Probe (Chrono Boost)  
  71  5:52  Probe (Chrono Boost)  
  71  5:54  Adept  
  71  5:55  Probe (Chrono Boost)  
  72  5:59  Probe x2 (Chrono Boost)  
  72  6:00  Probe (Chrono Boost)  
  72  6:01  Adept x2  
  72  6:04  Adept, Void Ray  
  80  6:06  Probe  
  80  6:07  Probe  
  80  6:10  Probe  
  85  6:17  Adept, Void Ray  
  87  6:18  Probe  
  87  6:20  Probe  
  91  6:26  Probe  
  91  6:27  Void Ray (Chrono Boost)  
  90  6:34  Probe  
  86  6:49  Probe  
  86  6:51  Probe x2  
  86  6:53  Void Ray x2 (Chrono Boost)  
  86  6:54  Assimilator  
  85  6:59  Assimilator  
  85  7:00  Forge  
  79  7:01  Probe  
  79  7:05  Zealot  
  79  7:06  Adept x2  
  92  7:09  Pylon  
  92  7:10  Pylon  
  92  7:12  Shield Battery  
  92  7:17  Probe  
  93  7:25  Probe  
  93  7:27  Charge  
  93  7:29  Pylon  
  93  7:30  Pylon  
  93  7:32  Pylon  
  93  7:33  Phoenix (Chrono Boost), Pylon  
  93  7:34  Phoenix (Chrono Boost)  
  93  7:35  Phoenix (Chrono Boost)  
  99  7:46  Adept x4  
  103  7:56  Phoenix x2 (Chrono Boost)  
  107  8:01  Gateway x2  
  107  8:05  Probe  
  107  8:06  Probe  
  107  8:10  Phoenix  
  111  8:13  Protoss Air Weapons Level 1  
  111  8:17  Gateway  
  111  8:18  Adept x2  
  115  8:20  Gateway  
  115  8:22  Pylon  
  115  8:24  Adept x2  
  119  8:30  Probe  
  119  8:32  Protoss Ground Weapons Level 1 (Chrono Boost)  
  122  8:49  Zealot x4  
  124  9:07  Nexus  
  124  9:09  Pylon  
  118  9:10  Zealot  
  118  9:11  Zealot x5, Void Ray (Chrono Boost)  
  118  9:12  Photon Cannon  
  118  9:14  Pylon  
  134  9:23  Templar Archives  
  134  9:31  Void Ray (Chrono Boost)  
  134  9:32  Void Ray (Chrono Boost)  
  140  9:41  Probe  
  140  9:42  Probe  
  140  9:45  Void Ray (Chrono Boost)  
  142  9:51  Shield Battery  
  142  9:58  Zealot x4  
  142  9:59  Zealot x2  
  158  10:00  Probe x2  
  158  10:05  High Templar x2  
  158  10:06  Probe  
  165  10:10  Robotics Facility  
  165  10:17  Archon  
  165  10:19  Probe  
  165  10:20  Probe, High Templar x2  
  165  10:21  Zealot, High Templar x2  
  173  10:22  Zealot  
  173  10:28  Archon  
  179  10:29  Archon  
  177  10:37  Pylon  
  177  10:38  Pylon  

Tags
 
Add a new tag
Caveats
  • Supply blocks, unpowered buildings, or Contaminate may cause inaccurate times.
  • Supply counts are checked every 10 seconds.